[Event "Czech Open GM 2020"]
[Site "Pardubice"]
[Date "2020.09.28"]
[Round "9.11"]
[White "Arkell, Keith C"]
[Black "Simek, Petr"]
[Result "0-1"]
[ECO "A09"]
[WhiteElo "2429"]
[BlackElo "2289"]
[Annotator "ChessBase"]
[PlyCount "98"]
[EventDate "2020.09.21"]
[EventCountry "CZE"]
[SourceTitle "playchess.com"]
[Source "ChessBase"]
[SourceQuality "1"]
[TimeControl "40/5400+30:1800+30"]

1. Nf3 d5 2. c4 d4 3. b4 f6 4. d3 e5 5. a3 c5 6. Qb3 a5 7. bxc5 Bxc5 8. a4 Nc6 9. g3 Nge7 10. Bg2 O-O 11. O-O Rb8 12. Nbd2 b6 13. Ne4 Kh8 14. Nxc5 bxc5 15. Qa3 Nb4 16. Rb1 Bb7 17. Bd2 Qd7 18. Rb2 Rbd8 19. Qb3 Bc6 20. Ra1 Qb7 21. Qd1 Ng6 22. Qf1 e4 23. Ne1 f5 24. f4 Rfe8 25. Bxb4 axb4 26. a5 Ra8 27. e3 dxe3 28. dxe4 Bxe4 29. Nd3 Qc6 30. Nc1 Nf8 31. Nb3 Ne6 32. Rd1 Red8 33. Re1 Nd4 34. Rxe3 Nxb3 35. Bxe4 fxe4 36. Rbxb3 Rxa5 37. Rb2 Rd4 38. f5 h6 39. Rf2 Qf6 40. Qe2 Ra1+ 41. Kg2 Rc1 42. Qh5 Rdxc4 43. Qe8+ Kh7 44. Kh3 Rd4 45. Rf4 c4 46. Qb5 b3 47. Re2 Rc2 48. Rfxe4 Rxe4 49. Rxe4 b2 0-1

[Event "Czech Open GM 2020"]
[Site "Pardubice"]
[Date "2020.09.28"]
[Round "9.12"]
[White "Kueppers, Timo"]
[Black "Jurcik, Marian"]
[Result "1-0"]
[ECO "A25"]
[WhiteElo "2277"]
[BlackElo "2426"]
[Annotator "ChessBase"]
[PlyCount "131"]
[EventDate "2020.09.21"]
[EventCountry "CZE"]
[SourceTitle "playchess.com"]
[Source "ChessBase"]
[SourceQuality "1"]
[TimeControl "40/5400+30:1800+30"]

1. c4 e5 2. g3 Nc6 3. Nc3 Bb4 4. Nd5 Bc5 5. Bg2 Nf6 6. d3 Nxd5 7. cxd5 Qf6 8. Nf3 Nd4 9. Nxd4 Bxd4 10. O-O O-O 11. Qc2 c6 12. Bd2 cxd5 13. Bxd5 d6 14. e3 Bb6 15. a4 Rb8 16. a5 Bd8 17. Rfc1 Bd7 18. Qb3 b6 19. a6 b5 20. Bb4 Bb6 21. Qa3 Rfe8 22. Bxd6 Rbd8 23. Bc7 Rc8 24. Bxb6 Qxb6 25. Bb7 b4 26. Qb3 Rc5 27. Rxc5 Qxc5 28. Bd5 Be6 29. Bxe6 Rxe6 30. Qc4 Qxc4 31. dxc4 Kf8 32. Kf1 Ke7 33. Ke2 e4 34. Ra5 Kd7 35. h4 Kc7 36. Rf5 f6 37. Ra5 Rd6 38. h5 g6 39. g4 Rc6 40. hxg6 hxg6 41. Kd2 Rxc4 42. Rb5 Kd6 43. Rb7 Rc7 44. Rxb4 Rc6 45. Rd4+ Ke5 46. Ra4 Kd5 47. b3 f5 48. Ra5+ Ke6 49. gxf5+ gxf5 50. b4 Rc4 51. b5 Rc5 52. Ra1 Rxb5 53. Rh1 Rd5+ 54. Kc3 Rd7 55. Kc4 Ke5 56. Rh8 Rd2 57. Rh7 Rc2+ 58. Kb3 Rc6 59. Rxa7 Kd5 60. Rd7+ Ke6 61. a7 Ra6 62. Rh7 Kd5 63. Kb4 Ra1 64. Kb5 Ra2 65. Kb6 Kc4 66. Rd7 1-0

[Event "Czech Open GM 2020"]
[Site "Pardubice"]
[Date "2020.09.28"]
[Round "9.13"]
[White "Nemcova, Karin"]
[Black "Pantzar, Milton"]
[Result "0-1"]
[ECO "B15"]
[WhiteElo "1983"]
[BlackElo "2424"]
[Annotator "ChessBase"]
[PlyCount "126"]
[EventDate "2020.09.21"]
[EventCountry "CZE"]
[SourceTitle "playchess.com"]
[Source "ChessBase"]
[SourceQuality "1"]
[TimeControl "40/5400+30:1800+30"]

1. e4 c6 2. d4 d5 3. Nc3 dxe4 4. Nxe4 Nf6 5. Nxf6+ exf6 6. c3 Bd6 7. Bd3 O-O 8. Ne2 Re8 9. Qc2 h5 10. O-O h4 11. h3 Nd7 12. Bd2 Nf8 13. Rae1 Bd7 14. c4 Rc8 15. f4 Bb8 16. f5 Nh7 17. Bf4 Bxf4 18. Rxf4 Qa5 19. b4 Qxb4 20. Rb1 Qd6 21. c5 Qc7 22. Rxh4 Re3 23. Bc4 Ng5 24. Nf4 Rce8 25. Ng6 Nh7 26. Bxf7+ Kxf7 27. Rxh7 Bc8 28. h4 Qd7 29. Qc4+ Qd5 30. Qxd5+ cxd5 31. h5 Kg8 32. Rh8+ Kf7 33. Rxe8 Kxe8 34. Nf4 Re7 35. Rf1 Re4 36. Nxd5 Rxd4 37. Nc7+ Kd8 38. Nb5 Rd5 39. g4 Rxc5 40. Rd1+ Bd7 41. Nd4 Ke7 42. Kf2 Rc3 43. Re1+ Kf7 44. Re3 Rc4 45. Rd3 b5 46. Ke3 b4 47. g5 fxg5 48. Nf3 Rc7 49. Ne5+ Ke8 50. f6 Bf5 51. Rd6 gxf6 52. Rxf6 Bb1 53. Re6+ Kf8 54. h6 Bxa2 55. Rd6 Kg8 56. Nd7 Rxd7 57. Rxd7 b3 58. Rb7 a5 59. Kd4 a4 60. Ke5 a3 61. Kf6 b2 62. h7+ Kh8 63. Rb8+ Kxh7 0-1

[Event "Czech Open GM 2020"]
[Site "Pardubice"]
[Date "2020.09.28"]
[Round "9.14"]
[White "Degenhard, Simon"]
[Black "Vokac, Marek"]
[Result "0-1"]
[ECO "B06"]
[WhiteElo "2271"]
[BlackElo "2365"]
[Annotator "ChessBase"]
[PlyCount "136"]
[EventDate "2020.09.21"]
[EventCountry "CZE"]
[SourceTitle "playchess.com"]
[Source "ChessBase"]
[SourceQuality "1"]
[TimeControl "40/5400+30:1800+30"]

1. e4 g6 2. d4 Bg7 3. Nc3 c6 4. Nf3 d6 5. Be3 b5 6. Qd2 Nd7 7. Bd3 Bb7 8. O-O a6 9. Rfd1 Qc7 10. h3 c5 11. a3 cxd4 12. Nxd4 Ngf6 13. Bh6 O-O 14. Bxg7 Kxg7 15. Qe2 Nc5 16. Re1 e5 17. Nb3 Ne6 18. Qe3 Rad8 19. Rad1 d5 20. exd5 Nxd5 21. Qxe5+ Qxe5 22. Rxe5 Nxc3 23. bxc3 Nf4 24. f3 Rd5 25. Re7 Ba8 26. Ra7 Rg5 27. Bf1 Bxf3 28. Rd2 Bd5 29. Kh2 Rc8 30. Rf2 Nh5 31. Rxa6 Ng3 32. Bxb5 Ne4 33. Rf4 Nc5 34. Rd6 Rxg2+ 35. Kh1 Rg5+ 36. Kh2 Nxb3 37. cxb3 Rxc3 38. Rf2 Bxb3 39. a4 Be6 40. Rd3 Rxd3 41. Bxd3 Rc5 42. Rf4 Rc3 43. Rd4 Ra3 44. h4 Kf6 45. Bb5 Ke5 46. Rd3 Ra2+ 47. Kg3 Bd5 48. Be8 Ke4 49. Rd1 Ra3+ 50. Kg4 f6 51. Re1+ Kd4 52. Rf1 Ke5 53. Re1+ Kd6 54. Rf1 Ke7 55. Bb5 h5+ 56. Kf4 Rh3 57. a5 Rxh4+ 58. Ke3 Re4+ 59. Kd3 Rb4 60. Re1+ Kd6 61. Be8 h4 62. Bxg6 h3 63. Kc3 Rc4+ 64. Kd3 Ra4 65. a6 h2 66. Be8 Rxa6 67. Bb5 Ra3+ 68. Kd4 h1=Q 0-1

[Event "Czech Open GM 2020"]
[Site "Pardubice"]
[Date "2020.09.28"]
[Round "9.15"]
[White "Bulockin, Martin"]
[Black "Sernecki, Franciszek"]
[Result "1-0"]
[ECO "A46"]
[WhiteElo "2297"]
[BlackElo "2248"]
[Annotator "ChessBase"]
[PlyCount "87"]
[EventDate "2020.09.21"]
[EventCountry "CZE"]
[SourceTitle "playchess.com"]
[Source "ChessBase"]
[SourceQuality "1"]
[TimeControl "40/5400+30:1800+30"]

1. d4 Nf6 2. Nf3 e6 3. Bf4 c5 4. e3 Qb6 5. Nc3 a6 6. Rb1 Nc6 7. a3 d5 8. Be2 Be7 9. h3 O-O 10. O-O Bd7 11. Qd2 Rac8 12. Bg5 Rfd8 13. Na4 Qa7 14. Bxf6 gxf6 15. Nxc5 Bxc5 16. dxc5 Qxc5 17. Rfd1 Ne5 18. Nd4 Nc4 19. Bxc4 Qxc4 20. c3 e5 21. Ne2 Bf5 22. Rbc1 Bg6 23. Ng3 Rc6 24. f4 h5 25. h4 Rcd6 26. Qf2 Be4 27. Nxh5 Kh8 28. Rd2 Rg8 29. Ng3 Rg4 30. b3 Qc5 31. Rcd1 Bh7 32. Ne2 Be4 33. Ng3 Bh7 34. Ne2 Be4 35. g3 Qxa3 36. fxe5 fxe5 37. Qxf7 Rdg6 38. Qe8+ Kh7 39. Rf1 Qc5 40. Rf7+ Rg7 41. Kf2 Qd6 42. Rf8 Kh6 43. c4 Qb4 44. Rxd5 1-0

[Event "Czech Open GM 2020"]
[Site "Pardubice"]
[Date "2020.09.28"]
[Round "9.16"]
[White "Krasteva, Beloslava"]
[Black "Dixa, Oskar"]
[Result "1-0"]
[ECO "E49"]
[WhiteElo "2296"]
[BlackElo "1972"]
[Annotator "ChessBase"]
[PlyCount "79"]
[EventDate "2020.09.21"]
[EventCountry "CZE"]
[SourceTitle "playchess.com"]
[Source "ChessBase"]
[SourceQuality "1"]
[TimeControl "40/5400+30:1800+30"]

1. d4 Nf6 2. c4 e6 3. Nc3 Bb4 4. e3 O-O 5. Bd3 d5 6. a3 Bxc3+ 7. bxc3 c5 8. cxd5 exd5 9. Ne2 Nc6 10. O-O Re8 11. f3 cxd4 12. cxd4 a6 13. Ng3 b5 14. Ra2 Bb7 15. Re2 Qb6 16. Kh1 Rad8 17. Nf5 g6 18. Ng3 b4 19. Qa4 a5 20. Bd2 Rb8 21. Rc1 Rec8 22. Rc5 bxa3 23. Qxa3 Nb4 24. Rxa5 Nxd3 25. Qxd3 Rc1+ 26. Re1 Rxe1+ 27. Bxe1 Bc6 28. Ra1 Bb5 29. Qa3 h5 30. h4 Bc4 31. Kg1 Qd8 32. Bf2 Rb3 33. Qc5 Nd7 34. Qd6 Rb6 35. Qf4 Nf8 36. Ra7 Rb1+ 37. Kh2 f5 38. Nxf5 Qb8 39. Nh6+ Kh8 40. Rc7 1-0

[Event "Czech Open GM 2020"]
[Site "Pardubice"]
[Date "2020.09.28"]
[Round "9.17"]
[White "Lizak, Peter"]
[Black "Siekanski, Janusz"]
[Result "1/2-1/2"]
[ECO "D32"]
[WhiteElo "2457"]
[BlackElo "2184"]
[Annotator "ChessBase"]
[PlyCount "98"]
[EventDate "2020.09.21"]
[EventCountry "CZE"]
[SourceTitle "playchess.com"]
[Source "ChessBase"]
[SourceQuality "1"]
[TimeControl "40/5400+30:1800+30"]

1. d4 d5 2. c4 e6 3. Nc3 c5 4. cxd5 exd5 5. Nf3 Nc6 6. dxc5 d4 7. Na4 Bxc5 8. Nxc5 Qa5+ 9. Qd2 Qxc5 10. e3 dxe3 11. Qxe3+ Qxe3+ 12. Bxe3 Be6 13. Bb5 Nge7 14. Nd4 Bd5 15. O-O O-O 16. Rfd1 Rfd8 17. b3 Nxd4 18. Bxd4 Bc6 19. Bf1 Nd5 20. Rd2 Nf4 21. Rad1 Ne6 22. Be3 a6 23. Bd3 g6 24. f4 Rd7 25. Be2 Rad8 26. Rxd7 Rxd7 27. Rxd7 Bxd7 28. g4 f5 29. h3 Kf7 30. Kf2 Nc7 31. Kg3 Bb5 32. Bd1 Bd3 33. Bd4 Ne6 34. Bb6 Be4 35. Be2 Ke7 36. gxf5 gxf5 37. Bc4 Kf6 38. Be3 b5 39. Be2 Bc6 40. Kh4 Kg6 41. Kg3 Kf6 42. Kf2 Nc7 43. Bd4+ Ke6 44. Be5 Nd5 45. a3 Ne7 46. Ke3 Bd5 47. a4 Bxb3 48. axb5 axb5 49. Bxb5 Bd5 1/2-1/2

[Event "Czech Open GM 2020"]
[Site "Pardubice"]
[Date "2020.09.28"]
[Round "9.18"]
[White "Koziak, Vitali"]
[Black "Trybus, Daniel"]
[Result "1-0"]
[ECO "E62"]
[WhiteElo "2434"]
[BlackElo "1997"]
[Annotator "ChessBase"]
[PlyCount "57"]
[EventDate "2020.09.21"]
[EventCountry "CZE"]
[SourceTitle "playchess.com"]
[Source "ChessBase"]
[SourceQuality "1"]
[TimeControl "40/5400+30:1800+30"]

1. Nf3 Nf6 2. d4 g6 3. c4 Bg7 4. g3 O-O 5. Bg2 d6 6. O-O c6 7. Nc3 Qa5 8. e4 e5 9. d5 cxd5 10. cxd5 b5 11. a4 b4 12. Nb5 Qd8 13. Be3 a6 14. Na7 Bd7 15. Rc1 Ng4 16. Bg5 Qe8 17. Rc7 Bxa4 18. Qa1 Bf6 19. Bd2 a5 20. Rfc1 Bd7 21. h3 Nxf2 22. Kxf2 Na6 23. Qxa5 Nxc7 24. Qxc7 Bd8 25. Qb7 f5 26. Kg1 fxe4 27. Ng5 h6 28. Nxe4 Qf7 29. Bxh6 1-0

[Event "Czech Open GM 2020"]
[Site "Pardubice"]
[Date "2020.09.28"]
[Round "9.19"]
[White "Iolis, Oleg"]
[Black "Seger, Ruediger"]
[Result "0-1"]
[ECO "B12"]
[WhiteElo "2173"]
[BlackElo "2312"]
[Annotator "ChessBase"]
[PlyCount "100"]
[EventDate "2020.09.21"]
[EventCountry "CZE"]
[SourceTitle "playchess.com"]
[Source "ChessBase"]
[SourceQuality "1"]
[TimeControl "40/5400+30:1800+30"]

1. e4 c6 2. d4 d5 3. e5 Bf5 4. Bd3 Bxd3 5. Qxd3 e6 6. Ne2 Nd7 7. O-O c5 8. c3 Ne7 9. Nd2 Nc6 10. Nf3 Be7 11. a3 O-O 12. b4 cxd4 13. cxd4 a6 14. Nf4 Rc8 15. g3 Qb6 16. h4 Qb5 17. Qe3 a5 18. bxa5 Nxa5 19. a4 Qb3 20. Qxb3 Nxb3 21. Rb1 Nxc1 22. Rfxc1 b6 23. Ne2 f6 24. Rxc8 Rxc8 25. Rc1 Rxc1+ 26. Nxc1 Nb8 27. Kf1 Nc6 28. Nd3 Bd8 29. Ke2 Kf7 30. h5 Bc7 31. Ke3 Na7 32. g4 b5 33. axb5 Nxb5 34. Nd2 fxe5 35. Nxe5+ Kf6 36. f4 Nd6 37. Ndf3 Ne4 38. Nh4 Bd6 39. g5+ Ke7 40. Ng4 Ba3 41. h6 gxh6 42. Nxh6 Bc1+ 43. Kf3 Nxg5+ 44. Kg4 Ne4 45. Nf3 Nf2+ 46. Kh5 Bxf4 47. Ng5 Bxg5 48. Kxg5 Ne4+ 49. Kf4 Nd6 50. Ng4 Nf7 0-1

[Event "Czech Open GM 2020"]
[Site "Pardubice"]
[Date "2020.09.28"]
[Round "9.20"]
[White "Rabatin, Jakub"]
[Black "Seitz, Patrick"]
[Result "1-0"]
[ECO "B07"]
[WhiteElo "2291"]
[BlackElo "2186"]
[Annotator "ChessBase"]
[PlyCount "79"]
[EventDate "2020.09.21"]
[EventCountry "CZE"]
[SourceTitle "playchess.com"]
[Source "ChessBase"]
[SourceQuality "1"]
[TimeControl "40/5400+30:1800+30"]

1. d4 Nf6 2. Bf4 g6 3. Nc3 d6 4. e4 Bg7 5. Qd2 Nc6 6. O-O-O Nh5 7. Be3 e5 8. d5 Ne7 9. Bb5+ Bd7 10. Bxd7+ Qxd7 11. Nge2 b5 12. g4 Nf6 13. g5 Ng4 14. Rdg1 Nxe3 15. Qxe3 b4 16. Nd1 h5 17. gxh6 Bxh6 18. f4 exf4 19. Nxf4 a5 20. Kb1 a4 21. Nf2 b3 22. Qc3 bxa2+ 23. Kxa2 Rh7 24. Ng4 Bg7 25. Qxg7 Rxg7 26. Nf6+ Kd8 27. Nxd7 Kxd7 28. Nh5 Rag8 29. Nxg7 Rxg7 30. h4 Rh7 31. Ka3 Rh8 32. Kxa4 c6 33. c4 cxd5 34. exd5 Nf5 35. Rg4 Rb8 36. b4 Ne3 37. Rf4 f5 38. Kb3 Rh8 39. Rg1 Ng4 40. Rfxg4 1-0